 Dungeon Crawl Stone Soup version 0.23.0-3-gf3c87f2df8 (webtiles) character file.

Game seed: 6319213304098610805

138 Ivernyr the Changer (level 5, -3/25 HPs)
             Began as a Vine Stalker Transmuter on Feb 21, 2019.
             Killed from afar by an orc wizard (5 damage)
             ... with a magic dart
             ... on level 3 of the Dungeon.
             The game lasted 00:09:49 (3218 turns).

Ivernyr the Changer (Vine Stalker Transmuter)       Turns: 3218, Time: 00:09:49

Health: -3/25      AC:  3    Str: 13    XL:     5   Next: 21%
Magic:  0/10       EV: 12    Int: 14    God:
Gold:   288        SH:  0    Dex:  8    Spells: 4/10 levels left

rFire    . . .     SeeInvis .     - Unarmed
rCold    . . .     Gourm    .   (no shield)
rNeg     . . .     Faith    .   b - +0 robe
rPois    .         Spirit   +   (no helmet)
rElec    .         Reflect  .   o - +0 cloak
rCorr    .         Harm     .   (no gloves)
MR       .....                  (no boots)
Stlth    +.........             (no amulet)
HPRegen  0.48/turn              p - -6 ring of dexterity (curse)
MPRegen  0.12/turn              (no ring)

@: appendage
A: fangs 2, horns 2, regeneration 1, magic shield, antimagic bite, no potion
heal 3, rot immunity
a: End Transformation


You were on level 3 of the Dungeon.
You were very hungry.
You had grown temporary horns.
You visited 1 branch of the dungeon, and saw 3 of its levels.

You collected 288 gold pieces.

Inventory:

Missiles
 a - 12 arrows
Armour
 b - a +0 robe (worn)
 o - a +0 cloak (worn)
Jewellery
 p - a cursed -6 ring of dexterity (left hand)
Scrolls
 c - a scroll of fog {unknown}
 g - a scroll of remove curse {unknown}
 h - a scroll of amnesia {unknown}
 i - 2 scrolls of blinking {unknown}
 j - 2 scrolls of teleportation {unknown}
 k - 2 scrolls of identify {unknown}
 r - a scroll of noise {unknown}
 s - a scroll of enchant armour {unknown}
Potions
 e - a potion of lignification
 f - a potion of mutation {unknown}
 l - a potion of berserk rage {unknown}
 m - 2 potions of heal wounds {unknown}
 n - a potion of haste {unknown}
Comestibles
 d - 5 rations


   Skills:
 - Level 1.1 Fighting
 + Level 2.3 Dodging
 + Level 3.5 Unarmed Combat
 + Level 3.0 Spellcasting
 * Level 3.6 Transmutations


You had 4 spell levels left.
You knew the following spells:

 Your Spells              Type           Power        Failure   Level  Hunger
a - Beastly Appendage     Tmut           ##....       4%          1    #......
b - Sticks to Snakes      Tmut           ##......     8%          2    ##.....
c - Spider Form           Tmut/Pois      #.........   30%         3    ###....

Your spell library contained the following spells:

 Spells                   Type           Power        Failure   Level  Hunger
 Ice Form                 Ice/Tmut       #.......     71%         4    #####..
 Blade Hands              Tmut           ##........   80%         5    ######.


Dungeon Overview and Level Annotations

Branches:
Dungeon (3/15)

Altars:


Innate Abilities, Weirdness & Mutations

You have extremely sharp teeth.
Your natural rate of healing is unusually fast.
When hurt, damage is shared between your health and your magic reserves.
Your bite disrupts and absorbs the magic of your enemies.
Potions cannot restore your health.
You are immune to rotting.
You have a pair of horns on your head.


Message History

The orc wizard casts a spell.
The orc wizard blinks!
The orc wizard points at you and mumbles some strange words.
The magic dart hits you.
The orc wizard gestures at you while chanting.
The magic dart hits you!
* * * LOW HITPOINT WARNING * * *
You hit the orc wizard but do no damage.
The orc wizard is almost dead.
The orc wizard casts a spell.
The orc wizard blinks!
The orc wizard gestures at you while chanting.
The magic dart hits you.
* * * LOW HITPOINT WARNING * * *
Casting: Spider Form (safe; 30% risk of failure)
Confirm with . or Enter, or press ? or * to list all spells.
You grow a pair of large bovine horns.
The orc wizard gestures at you while chanting.
The magic dart hits you.
You die...

## ##...## .. ##'## .###
#.# ..# # #.# #.#.# ##.##
#.#####.#.# ##...######
#?..o.o...# #.........#
#######ยง#######....###.#
#@).....##.#.# #..
#######...(..###.#
######.....# #######


You could see an orc wizard.

Vanquished Creatures
  An orc wizard (D:3)
  4 adders
  An ooze (D:2)
  A worm (D:3)
  A dart slug (D:3)
  4 orcs (D:3)
  4 giant cockroaches
  8 hobgoblins
  5 kobolds
  A quokka (D:3)
  6 bats
  9 frilled lizards
  8 goblins
  5 rats
58 creatures vanquished.

Notes
Turn   | Place    | Note
-------+----------+-------------------------------------------
     0 | D:1      | Ivernyr the Vine Stalker Transmuter began the quest for the
                  | Orb.
     0 | D:1      | Reached XP level 1. HP: 9/9 MP: 4/4
    55 | D:1      | Reached skill level 1 in Fighting
   130 | D:1      | Reached XP level 2. HP: 8/14 MP: 6/6
  1048 | D:1      | Learned a level 2 spell: Sticks to Snakes
  1142 | D:2      | Reached XP level 3. HP: 15/18 MP: 7/7
  1561 | D:2      | Learned a level 3 spell: Spider Form
  2319 | D:3      | Gained mutation: Your natural rate of healing is unusually
                  | fast. [Vine Stalker growth]
  2319 | D:3      | Reached XP level 4. HP: 20/22 MP: 9/9
  3179 | D:3      | Reached XP level 5. HP: 22/25 MP: 4/10
  3216 | D:3      | HP: 1/25 [orc wizard/magic dart (4)]
  3218 | D:3      | Killed from afar by an orc wizard

Skill      XL: |  1  2  3  4 |
---------------+-------------+-----
Fighting       | 1 |  1.1
Dodging        | 2 |  2.3
Transmutations | 3 |  3.6
Spellcasting   | 3 |  3.0
Unarmed Combat | |  3.5

Action                   |  1- 3 |  4- 6 || total
-------------------------+-------+-------++-------
Melee: Unarmed           |   128 |    99 ||   227
       Bite              |    30 |     9 ||    39
       Punch             |     3 |       ||     3
       Headbutt          |       |     1 ||     1
 Cast: Beastly Appendage |       |     3 ||     3
       Spider Form       |       |     2 ||     2
  Use: Potion            |     1 |       ||     1
 Stab: Sleeping          |     2 |       ||     2
  Eat: Chunk             |     2 |     1 ||     3
       Ration            |     1 |       ||     1
Armor: Robe              |    27 |    15 ||    42
Dodge: Dodged            |    73 |    50 ||   123
